 Dungeon Crawl Stone Soup version 0.20.1-1-g8b1a95d66d (webtiles) character file.

43 Hvezdomuz the Caller (level 3, 0/25 HPs)
             Began as a Barachi Summoner on Nov 22, 2017.
             Slain by a worm (10 damage)
             ... on level 2 of the Dungeon.
             The game lasted 00:11:20 (1558 turns).

Hvezdomuz the Caller (Barachi Summoner)             Turns: 1558, Time: 00:11:21

Health: 0/25       AC:  5    Str:  9 (10) XL:     3   Next: 58%
Magic:  14/15      EV: 10    Int: 13 (15) God:
Gold:   103        SH:  0    Dex:  9 (12) Spells: 3/6 levels left

rFire    . . .     SeeInvis .   i - +0 short sword
rCold    . . .     Gourm    .   (no shield)
rNeg     . . .     Faith    +   e - +0 ring mail
rPois    .         Spirit   .   (no helmet)
rElec    .         Reflect  .   (no cloak)
rCorr    .         Harm     .   (no gloves)
MR       .....     Rnd*Tele +   (no boots)
Stlth    +.........             h - amulet of faith
Regen    0.1/turn               n - ring of teleportation (curse)
MPRegen  0.2/turn               r - ring of magical power

@: slow
A: +LOS, swims, slowness 1, strong legs 1
a: Hop


You were on level 2 of the Dungeon.
You were not hungry.

You visited 1 branch of the dungeon, and saw 2 of its levels.

You collected 103 gold pieces.

Inventory:

Hand Weapons
 i - a +0 short sword (weapon)
Missiles
 d - 46 stones (quivered)
 q - 3 silver tomahawks
 t - 8 tomahawks
Armour
 a - a +0 robe
 e - a +0 ring mail (worn)
Jewellery
 h - an amulet of faith (around neck)
 n - a cursed ring of teleportation (left hand)
 r - a ring of magical power (right hand)
 w - an uncursed ring of poison resistance
Scrolls
 j - a scroll of enchant armour {unknown}
 k - 3 scrolls of remove curse {unknown}
 l - a scroll of teleportation {unknown}
 o - a scroll of recharging {unknown}
 p - 2 scrolls of identify {unknown}
 s - a scroll of fog {unknown}
Potions
 g - a potion of lignification {unknown}
Books
 b - a book of Callings

   Spells                             Type                      Level
   a - Summon Small Mammal            Summoning                    1
   b - Call Imp                       Summoning                    2
   c - Call Canine Familiar           Summoning                    3
   d - Summon Guardian Golem          Hexes/Summoning              3
   e - Summon Lightning Spire         Summoning/Air                4
   f - Summon Ice Beast               Ice/Summoning                4
Comestibles
 c - 3 bread rations
 f - 8 fruits
 v - a chunk of flesh


   Skills:
 + Level 0.8 Fighting
 + Level 1.4 Short Blades
 + Level 0.2 Throwing
 + Level 1.0 Armour
 + Level 2.5 Dodging
 + Level 1.7 Stealth
 + Level 0.2 Unarmed Combat
 + Level 2.3 Spellcasting
 + Level 5.1 Summonings


You had 3 spell levels left.
You knew the following spells:

 Your Spells              Type           Power        Failure   Level  Hunger
a - Summon Small Mammal   Summ           ###.         9%          1    #......
b - Call Imp              Summ           ###.....     12%         2    ###....


Dungeon Overview and Level Annotations

Branches:
Dungeon (2/15)

Altars:


Innate Abilities, Weirdness & Mutations

Shadows flee at your approach. (+LOS)
You can swim through water.
You cover ground slowly.
You can hop short distances.


Message History

You hit the worm but do no damage.
Your rat bites the worm.
You hit the worm.
The worm is lightly wounded.
The worm bites you.
Your rat bites the worm.
You hit the worm.
The worm is moderately wounded.
The worm barely misses you.
Your rat bites the worm.
You hit the worm.
The worm is heavily wounded.
Your rat bites the worm.
You barely miss the worm.
The worm is heavily wounded.
The worm bites you.
Your rat bites the worm.
You hit the worm.
The worm is severely wounded.
Your rat bites the worm.
You hit the worm but do no damage.
The worm is severely wounded.
The worm bites you!
You die...

## # ##
#.#.#
#.#r...#
#@w.#
##.## .#
#### .#
#.. .#
#.# .#
#.# .#
#.# .#
#.# .#


You could see a worm and a friendly rat.

Vanquished Creatures
  An adder (D:2)
  A worm (D:1)
  A giant cockroach (D:2)
  5 goblins
  A hobgoblin (D:1)
  A jackal (D:1)
  A quokka (D:2)
  3 bats
  2 frilled lizards
  A kobold (D:1)
  2 rats
19 creatures vanquished.

Vanquished Creatures (collateral kills)
  2 dart slugs
  A bat (D:1)
  3 giant cockroaches
  2 hobgoblins
  A jackal (D:1)
  2 frilled lizards
  A kobold (D:1)
  A rat (D:1)
13 creatures vanquished.

Grand Total: 32 creatures vanquished

Notes
Turn   | Place    | Note
-------+----------+-------------------------------------------
     0 | D:1      | Hvezdomuz the Barachi Summoner began the quest for the Orb.
     0 | D:1      | Reached XP level 1. HP: 13/13 MP: 3/3
   347 | D:1      | Reached skill level 5 in Summonings
   591 | D:1      | Reached XP level 2. HP: 14/19 MP: 5/5
   745 | D:1      | Learned a level 2 spell: Call Imp
  1289 | D:2      | Reached XP level 3. HP: 25/25 MP: 6/6
  1404 | D:2      | Reached skill level 1 in Short Blades
  1478 | D:2      | Reached skill level 1 in Armour
  1558 | D:2      | Slain by a worm

Skill      XL: |  1  2  3 |
---------------+----------+-----
Summonings     | 5 |  5.1
Short Blades   | 1 |  1.4
Armour         | 1 |  1.0
Fighting       | |  0.8
Throwing       | |  0.2
Dodging        | |  2.5
Stealth        | |  1.7
Unarmed Combat | |  0.2
Spellcasting   | |  2.3

Action                   || total
-------------------------++-------
Melee: Unarmed           ||    20
       Short sword       ||    96
Throw: Stone             ||    14
 Cast: Summon Small Mamm ||     9
       Call Imp          ||     4
  Use: Potion            ||     3
  Eat: Bread ration      ||     1
       Chunk             ||     1
Armor: Ring mail         ||    60
Dodge: Dodged            ||   101
